 Dungeon Crawl Stone Soup version 0.30-a0-696-g2367cd04db (webtiles) character file.

Game seed: 14172813488537872221

9419 wormed the Destroyer (level 11, -2/74 HPs)
             Began as a Demonspawn Fire Elementalist on Jan 20, 2023.
             Was the Champion of Jiyva.
             Slain by Amaemon
             ... wielding a -2 demon whip of venom
              (7 damage)
             ... on level 1 of the Lair of Beasts.
             The game lasted 00:16:25 (9471 turns).

wormed the Destroyer (Demonspawn Fire Elementalist) Turns: 9471, Time: 00:16:26

Health: -2/74      AC:  6    Str: 17    XL:     11   Next: 22%
Magic:  9/17       EV: 11    Int: 19    God:    Jiyva [******]
Gold:   357        SH:  5    Dex: 11    Spells: 5/18 levels left

rFire   . . .      SeeInvis +    g - +2 dagger (freeze)
rCold   . . .      Faith    .    b - +0 buckler
rNeg    . . .      Spirit   .    u - +0 troll leather armour
rPois   .          Reflect  .    (no helmet)
rElec   .          Harm     .    (cloak unavailable)
rCorr   +          Rampage  .    q - +0 pair of gloves
Will    .....                    (no boots)
Stlth   ++                       (no amulet)
HPRegen 2.72/turn                v - ring of see invisible
MPRegen 0.80/turn                (no ring)

@: lethally poisoned (-2 -> -5)
A: icy blue scales 1, robust 1, magic regeneration, demonic magic 1, weakness
stinger 3, sense surroundings 1, shaggy fur 1, strong 2, wild magic 3, acidic
bite, pseudopods 1, sturdy frame 2, engulf
a: Renounce Religion, Oozemancy, Slimify


You were on level 1 of the Lair of Beasts.
You worshipped Jiyva.
Jiyva was exalted by your worship.
You visited 2 branches of the dungeon, and saw 11 of its levels.
You also visited: Sewer.

You collected 357 gold pieces.

Inventory:

Hand Weapons
 g - a +2 dagger of freezing (weapon)
Armour
 b - a +0 buckler (worn)
 q - a +0 pair of gloves (worn)
 u - a +0 troll leather armour (worn)
Jewellery
 v - a ring of see invisible (left hand)
 w - a ring of fire
Wands
 a - a wand of flame (36)
 j - a wand of mindburst (14)
 n - a wand of paralysis (8)
Scrolls
 c - 3 scrolls of amnesia
 e - 5 scrolls of identify
 l - 4 scrolls of teleportation
 m - a scroll of magic mapping
 p - 2 scrolls of enchant armour
Potions
 d - 9 potions of flight
 f - 3 potions of curing
 h - a potion of berserk rage
 k - a potion of lignification
 o - 2 potions of magic
 r - a potion of invisibility
 s - 3 potions of attraction
 t - a potion of cancellation
 x - a potion of heal wounds


   Skills:
 - Level 1.7 Dodging
 - Level 1.7 Stealth
 - Level 5.0 Shields
 - Level 4.0 Spellcasting
 + Level 11.7 Conjurations
 + Level 10.8 Fire Magic


You had 5 spell levels left.
You knew the following spells:

 Your Spells              Type           Power      Damage    Failure   Level
a - Scorch                Fire           100%       2d10      3%          2
b - Fireball              Conj/Fire      36%        3d15      17%         5
c - Starburst             Conj/Fire      36%        6d11      52%         6

Your spell library contained the following spells:

 Spells                   Type           Power      Damage    Failure   Level
 Foxfire                  Conj/Fire      100%       2x1d9     3%          1
 Flame Wave               Conj/Fire      73%        2d16      9%          4
 Inner Flame              Hex/Fire       46%        N/A       19%         3
 Kindle Blastsparks       Fire/Tloc/Air  66%        2d15      32%         3
 Apportation              Tloc           14%        N/A       41%         1
 Summon Small Mammal      Summ           28%        N/A       41%         1
 Lightning Bolt           Conj/Air       24%        1d40      67%         5
 Call Canine Familiar     Summ           7%         N/A       71%         3
 Frozen Ramparts          Ice            14%        1d3       71%         3
 Summon Guardian Golem    Hex/Summ       7%         N/A       71%         3
 Airstrike                Air            3%         2d(1-17)  96%         4
 Ice Form                 Ice/Tmut       7%         N/A       96%         4
 Leda's Liquefaction      Hex/Erth       3%         N/A       96%         4
 Summon Ice Beast         Ice/Summ       7%         N/A       96%         4
 Summon Lightning Spire   Summ/Air       7%         N/A       96%         4
 Alistair's Intoxication  Tmut/Pois      4%         N/A       100%        5
 Lee's Rapid Deconstruct  Erth           3%         3d5*      100%        5
 Statue Form              Tmut/Erth      4%         N/A       100%        6


Dungeon Overview and Level Annotations

Branches:
Dungeon (10/15)            Temple (0/1) D:7            Lair (1/5) D:10
    Orc (0/2) D:10          Sewer (visited)

Altars:
Ashenzari
Cheibriados
Dithmenos
Fedhas
Hepliaklqana
Kikubaaqudgha
Makhleb
Nemelex Xobeh
Okawaru
Qazlal
Sif Muna
Uskayaw
Xom
Jiyva

Shops:
D:1 ?   D:5 ?

Annotations:
Lair:1 Amaemon


Innate Abilities, Weirdness & Mutations

You are partially covered in icy blue scales. (AC +2)
You are robust. (+10% HP)
You regenerate magic rapidly.
Spells you cast may paralyse adjacent enemies.
You have a sharp stinger which inflicts weakening toxins.
You passively map a small area around you.
You are covered in fur. (AC +1)
Your muscles are very strong. (Str +8, Int/Dex -2)
Your spells are much harder to cast, but much more powerful.
You have acidic saliva.
Armour fits poorly on your pseudopods.
Your movements are less encumbered by armour. (ER -4)
Your melee attacks may engulf your foes in ooze.


Message History

The scorpion is heavily wounded.
The scorpion's fire resistance burns away.
Malevolent energies surge around you.
You feel very sick.
Amaemon hits you with a -2 demon whip of venom.
You are more poisoned.
Amaemon claws you. Amaemon tail-slaps you. The orange demon barely misses you.
Casting: Scorch (safe; 3% risk of failure)
Confirm with . or Enter, or press ? or * to list all spells.
Flames lash the scorpion.
The scorpion is burned terribly!
The scorpion is heavily wounded.
Malevolent energies surge around you.
Amaemon suddenly stops moving!
You feel very sick. The orange demon stings you from afar!
The helpless Amaemon fails to defend himself.
You puncture Amaemon! You freeze Amaemon.
You bludgeon Amaemon, but do no damage.
Amaemon is severely wounded.
You feel very sick. The orange demon closely misses you.
The helpless Amaemon fails to defend himself.
You puncture Amaemon! You freeze Amaemon.
You engulf Amaemon in ooze!
Amaemon is severely wounded.
You feel very sick.
Amaemon is no longer paralysed.
Amaemon is asphyxiated!
The orange demon stings you but does no damage.
Amaemon hits you with a -2 demon whip of venom.
You are more poisoned.
Amaemon claws you.
* * * LOW HITPOINT WARNING * * *
Amaemon tail-slaps you.
* * * LOW HITPOINT WARNING * * *
You hit Amaemon. You freeze Amaemon. Your bludgeon misses Amaemon.
Amaemon is almost dead.
You feel very sick.
The scorpion is no longer more vulnerable to fire.
Amaemon is asphyxiated!
The orange demon stings you from afar!
* * * LOW HITPOINT WARNING * * *
You block Amaemon's attack. Amaemon claws you!
You die...

##...## #
#####..#.####P##
* *
#...............
,,
#####.#.########*
###.## , #ss#
#4s# #6## ### #@#
#.######.# , , ,
##.......# ,
#..####.####### ,
#### #........ ,
#........
#.........
#......... ,
#.........


You could see Amaemon (asphyxiating), an orange demon and 3 scorpions.

Vanquished Creatures
  Joseph (Lair:1)
  3 elephants (Lair:1)
  An unseen horror (D:7)
  A troll (D:10)
  A hornet (D:10)
  A wraith (D:9)
  2 wyverns
  2 humans (D:10)
  4 yaks (D:10)
  A steam dragon (D:9)
  Edmund (D:5)
  An acid dragon (D:9)
  3 water moccasins
  9 orc warriors
  2 black bears
  An ice beast (D:7)
  2 ogres (D:10)
  2 centaurs (D:9)
  4 wolves (Lair:1)
  4 kobold brigands
  4 gnoll sergeants
  A necrophage (D:5)
  4 bullfrogs
  10 wights
  5 howler monkeys
  3 orc priests
  6 iguanas
  6 orc wizards
  12 adders
  6 gnolls
  5 river rats (Sewer)
  2 shadow imps (D:7)
  A white imp (D:7)
  An ufetubus (D:5)
  3 worms
  4 dart slugs
  24 orcs
  3 ball pythons
  3 endoplasms
  4 giant cockroaches
  7 goblins
  10 hobgoblins
  12 jackals
  6 quokkas
  14 bats
  7 frilled lizards
  9 kobolds
  9 rats
227 creatures vanquished.

Vanquished Creatures (collateral kills)
  A tengu warrior (D:9)
  A two-headed ogre (D:9)
  A tengu conjurer (D:9)
  A wraith (D:7)
  An orc warrior (D:9)
  A wight (D:7)
  A hound (D:7)
7 creatures vanquished.

Vanquished Creatures (others)
  An ogre (D:6)
  A kobold brigand (D:6)
  9 jellies
  An orc priest (D:5)
  A hound (D:5)
  An orc wizard (D:4)
  A gnoll (D:10)
  3 adders
  5 orcs
  3 bats
  7 endoplasms
  2 giant cockroaches
  2 goblins (D:2)
  A hobgoblin (D:3)
  A jackal (D:2)
  2 quokkas
  4 ball pythons
  12 kobolds
  2 rats (D:2)
  102 foxfires
  4 fungi (Lair:1)
  14 plants
179 creatures vanquished.

Grand Total: 413 creatures vanquished

Notes
Turn   | Place    | Note
-------+----------+-------------------------------------------
     0 | D:1      | wormed the Demonspawn Fire Elementalist began the quest for
                  | the Orb.
     0 | D:1      | Reached XP level 1. HP: 13/13 MP: 3/3
   214 | D:1      | Gained mutation: Spells you cast may paralyse adjacent
                  | enemies. [demonic ancestry]
   214 | D:1      | Reached XP level 2. HP: 2/19 MP: 0/5
   588 | D:1      | Gained mutation: You have a small tail. [demonic ancestry]
   588 | D:1      | Reached XP level 3. HP: 24/24 MP: 2/6
   637 | D:1      | Found Fohuipp's Magic Scroll Emporium.
   657 | D:1      | Found a faded altar of an unknown god.
   671 | D:1      | Prayed at the altar of an unknown god.
   671 | D:1      | Became a worshipper of Jiyva Jielen the Shapeless
   671 | D:1      | Reached * piety under Jiyva
   860 | D:2      | Reached skill level 2 in Conjurations
  1262 | D:2      | Found an ancient bone altar of Kikubaaqudgha.
  1315 | D:2      | Reached ** piety under Jiyva
  1342 | D:2      | Gained mutation: You are partially covered in icy blue
                  | scales. (AC +2) [demonic ancestry]
  1342 | D:2      | Reached XP level 4. HP: 30/30 MP: 8/8
  1697 | D:2      | Learned a level 2 spell: Scorch
  1731 | D:3      | Found a hide-covered altar of Uskayaw.
  1984 | D:3      | Found a large runed translucent door.
  1985 | D:3      | Found a large runed translucent door.
  2028 | D:3      | Reached *** piety under Jiyva
  2097 | D:3      | Noticed an earth elemental
  2099 | D:3      | Found a stormy altar of Qazlal.
  2101 | D:3      | Noticed an air elemental
  2101 | D:3      | Noticed a water elemental
  2101 | D:3      | Noticed a fire elemental
  2262 | D:3      | Gained mutation: Your muscles are strong. (Str +4, Int/Dex
                  | -1) [Jiyva's grace]
  2262 | D:3      | Gained mutation: Your muscles are very strong. (Str +8,
                  | Int/Dex -2) [Jiyva's grace]
  2262 | D:3      | Gained mutation: You are covered in fur. (AC +1) [Jiyva's
                  | grace]
  2262 | D:3      | Gained mutation: You are covered in thick fur. (AC +2)
                  | [Jiyva's grace]
  2496 | D:3      | Found a broken altar of Ashenzari.
  2499 | D:3      | Found a hazy altar of Hepliaklqana.
  2686 | D:4      | Found a shadowy altar of Dithmenos.
  2941 | D:4      | Reached **** piety under Jiyva
  3023 | D:4      | Found a shimmering blue altar of Sif Muna.
  3248 | D:4      | Reached XP level 5. HP: 35/35 MP: 6/9
  3277 | D:4      | Found a glowing drain.
  3281 | Sewer    | Entered a sewer
  3420 | Sewer    | Reached skill level 3 in Conjurations
  4028 | D:5      | Entered Level 5 of the Dungeon
  4047 | D:5      | Gained mutation: You have a tail ending in a sharp stinger.
                  | [demonic ancestry]
  4047 | D:5      | Reached XP level 6. HP: 41/41 MP: 7/11
  4193 | D:5      | Reached skill level 4 in Conjurations
  4225 | D:5      | Noticed Edmund
  4237 | D:5      | Killed Edmund
  4238 | D:5      | Gained mutation: You have a sharp stinger which inflicts
                  | weakening toxins. [demonic ancestry]
  4238 | D:5      | Reached XP level 7. HP: 46/46 MP: 11/13
  4346 | D:5      | Noticed a wyvern
  4351 | D:5      | Killed a wyvern
  4352 | D:5      | Reached skill level 5 in Conjurations
  4367 | D:5      | Reached ***** piety under Jiyva
  4413 | D:5      | Reached skill level 5 in Fire Magic
  4436 | D:5      | Found a shimmering altar of Xom.
  4524 | D:5      | Gained mutation: You have large cloven feet. [Jiyva's
                  | grace]
  4524 | D:5      | Gained mutation: You have hoof-like feet. [Jiyva's grace]
  4524 | D:5      | Gained mutation: You have hooves in place of feet. [Jiyva's
                  | grace]
  4524 | D:5      | Gained mutation: You passively map a small area around you.
                  | [Jiyva's grace]
  4691 | D:5      | Found The Oracle's Delphic Readings.
  5512 | D:6      | Reached skill level 6 in Conjurations
  5512 | D:6      | Gained mutation: You regenerate magic rapidly. [demonic
                  | ancestry]
  5512 | D:6      | Reached XP level 8. HP: 52/52 MP: 11/14
  6001 | D:7      | Found a staircase to the Ecumenical Temple.
  6042 | D:7      | Noticed an unseen horror
  6048 | D:7      | Killed an unseen horror
  6049 | D:7      | Reached skill level 7 in Conjurations
  6244 | D:7      | Found a sparkling altar of Nemelex Xobeh.
  6461 | D:7      | Reached skill level 8 in Conjurations
  6466 | D:7      | Gained mutation: You are robust. (+10% HP) [demonic
                  | ancestry]
  6466 | D:7      | Reached XP level 9. HP: 52/62 MP: 11/15
  6567 | D:7      | Reached ****** piety under Jiyva
  6847 | D:8      | Found a blossoming altar of Fedhas.
  6950 | D:8      | Lost mutation: You have hooves in place of feet. [Jiyva's
                  | grace]
  6950 | D:8      | Lost mutation: You have hoof-like feet. [Jiyva's grace]
  6950 | D:8      | Gained mutation: You have acidic saliva. [Jiyva's grace]
  6950 | D:8      | Gained mutation: Your melee attacks may engulf your foes in
                  | ooze. [Jiyva's grace]
  6950 | D:8      | Gained mutation: Your movements are slightly less
                  | encumbered by armour. (ER -2) [Jiyva's grace]
  6950 | D:8      | Gained mutation: Your movements are less encumbered by
                  | armour. (ER -4) [Jiyva's grace]
  7102 | D:8      | Found a burning altar of Makhleb.
  7189 | D:8      | Found a snail-covered altar of Cheibriados.
  7418 | D:9      | Reached skill level 9 in Conjurations
  7493 | D:9      | Noticed a tengu warrior
  7498 | D:9      | Noticed a tengu conjurer
  7501 | D:9      | Killed a tengu warrior
  7502 | D:9      | Killed a tengu conjurer
  7503 | D:9      | Reached skill level 10 in Conjurations
  7503 | D:9      | Reached XP level 10. HP: 37/69 MP: 5/16
  7515 | D:9      | Learned a level 5 spell: Fireball
  7522 | D:9      | Learned a level 6 spell: Starburst
  7543 | D:9      | Reached skill level 1 in Shields
  7643 | D:9      | Noticed a two-headed ogre
  7647 | D:9      | Killed a two-headed ogre
  8124 | D:10     | Entered Level 10 of the Dungeon
  8124 | D:10     | Found a staircase to the Lair.
  8319 | D:10     | Reached skill level 10 in Fire Magic
  8339 | D:10     | Reached skill level 11 in Conjurations
  8445 | D:10     | Found a staircase to the Orcish Mines.
  8718 | D:10     | Found an iron altar of Okawaru.
  8748 | D:10     | Lost mutation: You have large cloven feet. [Jiyva's grace]
  8748 | D:10     | Lost mutation: You are covered in thick fur. (AC +2)
                  | [Jiyva's grace]
  8748 | D:10     | Gained mutation: Your spells are a little harder to cast,
                  | but a little more powerful. [Jiyva's grace]
  8748 | D:10     | Gained mutation: Your spells are harder to cast, but more
                  | powerful. [Jiyva's grace]
  8748 | D:10     | Gained mutation: Your spells are much harder to cast, but
                  | much more powerful. [Jiyva's grace]
  8748 | D:10     | Gained mutation: Armour fits poorly on your pseudopods.
                  | [Jiyva's grace]
  8750 | D:10     | Identified the +5 whip "Qiacotoy" {flame, Fragile Dex+2
                  | Stlth+}
  8777 | D:10     | Reached XP level 11. HP: 65/74 MP: 12/17
  9196 | Lair:1   | Entered Level 1 of the Lair of Beasts
  9213 | Lair:1   | Noticed Joseph
  9221 | Lair:1   | Killed Joseph
  9314 | Lair:1   | Reached skill level 5 in Shields
  9428 | Lair:1   | Noticed Amaemon
  9471 | Lair:1   | Slain by Amaemon

Illustrated notes

Levels and vault maps discovered:
D:1:      dpeg_arrival_orchard, layout_rooms, serial_shops, shop,
          shapermc_ecumenical_altar_pompeii
D:2:      minmay_thinvault, layout_loops_ring, basic_altar
D:3:      layout_basic, nicolae_qazlal_style_of_elements,
          nicolae_uskayaw_dance_hall, jmf_multi_god_temple2,
          chequers_serial_rivers_room_a
D:4:      layout_cave_pools, grunt_dithmenos_smoke_and_mirrors, led_sif_pool,
          gup_sewer_entry_spiral, serial_forest, infiniplex_forest_lined_2,
          infiniplex_forest_end_3, infiniplex_forest_lined_corner,
          infiniplex_forest_straight_1, infiniplex_forest_straight_2,
          infiniplex_forest_clump_cross, infiniplex_forest_lined_1,
          infiniplex_forest_straight_1
D:5:      nicolae_cairo_tiling, layout_layer_cave, lemuel_round_altar,
          hangedman_decor_push, nicolae_nh_oracle_at_delphi, uniq_edmund
D:6:      layout_loops_ring
D:7:      layout_loops_ring, nemelex_diamond_rough_becter, temple_pool_b
D:8:      layout_loops_ring, mainiacjoe_overflow_surrounded_room,
          fedhas_altar_1, mainiacjoe_overflow_cross_hatched
D:9:      layout_big_octagon, elyvilon_altar_4, hangedman_corner_corridor
D:10:     layout_loops_corners, okawaru_humans, lair_entry_dummy,
          kennysheep_orc_monster_closet_entryway
Lair:1:   dreamdust_isle_of_ice, layout_small_grid, minivault_11,
          minmay_shattered_shrine, uniq_amaemon, uniq_nergalle, uniq_joseph

Skill      XL: |  1  2  3  4  5  6  7  8  9 10 11 |
---------------+----------------------------------+-----
Fire Magic     | 3 4 5 7 9 10 | 10.8
Conjurations   | 2 3 4 6 8 10 11 | 11.7
Spellcasting   | 3 4 |  4.0
Shields        | 4 5 |  5.0
Dodging        | |  1.7
Stealth        | |  1.7

Action                   |  1- 3 |  4- 6 |  7- 9 | 10-12 || total
-------------------------+-------+-------+-------+-------++-------
Melee: Unarmed           |    15 |       |       |       ||    15
       Short sword       |    36 |       |       |       ||    36
       Punch             |     3 |       |     2 |       ||     5
       Dagger            |    20 |    61 |    68 |    61 ||   210
       Tailslap          |     2 |     5 |    10 |    13 ||    30
       Kick              |       |       |    22 |    17 ||    39
       Bite              |       |       |       |     4 ||     4
       Pseudopods        |       |       |       |     7 ||     7
 Cast: Foxfire           |    61 |     1 |       |       ||    62
       Scorch            |       |    74 |    96 |   154 ||   324
       Fireball          |       |       |       |    10 ||    10
  Use: Potion            |     4 |       |       |     1 ||     5
       Scroll            |       |     4 |     6 |     5 ||    15
 Stab: Paralysed         |     3 |    22 |    33 |    44 ||   102
       Sleeping          |     2 |     2 |       |       ||     4
Armor: Robe              |    27 |     1 |       |       ||    28
       Leather armour    |       |    45 |    36 |       ||    81
       Steam dragon scal |       |       |     9 |    23 ||    32
       Troll leather arm |       |       |       |    28 ||    28
Dodge: Dodged            |   108 |    74 |    39 |    81 ||   302
Block: Buckler           |       |       |       |    37 ||    37

Table legend: (Time is in decaauts)
 A = Elapsed time spent in this place.
 B = Non-inter-level travel time spent in this place.
 C = Inter-level travel time spent in this place.
 D = Time resting spent in this place.
 E = Time spent auto-exploring this place.
 F = Levels seen in this place.
 G = Mean time per level.
                   A        B        C        D        E       F      G
               +--------+--------+--------+--------+--------+-----+--------+
         Total |   9709 |   9310 |    399 |    202 |   7248 |  12 |  809.1 |
       Dungeon |   8648 |   8249 |    399 |    202 |   6580 |  10 |  864.8 |
          Lair |    282 |    282 |      0 |      0 |    144 |   1 |  282.0 |
         Sewer |    777 |    777 |      0 |      0 |    523 |   1 |  777.0 |
               +--------+--------+--------+--------+--------+-----+--------+

Top non-repeatable levels by time:
     D:5: 1408 daAuts
    D:10: 1073 daAuts
     D:3: 974 daAuts
     D:2: 884 daAuts
     D:1: 825 daAuts
     D:4: 779 daAuts
   Sewer: 777 daAuts
     D:8: 758 daAuts
     D:9: 735 daAuts
     D:7: 685 daAuts
     D:6: 522 daAuts
  Lair:1: 282 daAuts
